Map: Pillars of Gold LE

Players

RyuKey

  • Race: Terran Terran
  • League: Diamond
  • Spawn Location: 7:00

VOD

Have the link to the VOD?

Description

Time

  • Played on: June 23, 2020, 5:55 p.m.
  • Length: 9:59
Show
View Real Time Build Order
Export as new Build Order

RyuKey Terran 

Build Orders:  

Get SALT Encoding   

  12  0:01  SCV  
  13  0:18  SCV  
  14  0:25  Supply Depot  
  14  0:35  SCV  
  15  0:55  SCV  
  15  0:59  Barracks  
  16  1:04  Refinery  
  16  1:12  SCV  
  17  1:29  SCV  
  18  1:46  SCV  
  19  2:04  Orbital Command  
  20  2:10  Reaper  
  20  2:25  Command Center  
  20  2:40  SCV, Supply Depot  
  21  2:57  SCV  
  22  3:02  Factory  
  22  3:19  Refinery  
  22  3:23  SCV  
  22  3:24  Barracks Reactor  
  23  3:39  SCV  
  24  3:56  SCV  
  25  4:05  Starport  
  25  4:20  Orbital Command  
  25  4:25  SCV  
  25  4:26  Hellion x2  
  30  4:33  Barracks Tech Lab  
  30  4:41  SCV  
  31  4:56  Hellion x2  
  31  4:58  SCV  
  36  5:04  SCV  
  36  5:07  Banshee  
  36  5:08  Cloaking Field  
  40  5:15  SCV  
  41  5:21  SCV  
  42  5:32  SCV  
  42  5:36  Marine x2  
  42  5:38  SCV, Factory Tech Lab  
  46  5:57  Command Center  
  46  6:01  Refinery  
  46  6:05  Refinery  
  46  6:11  SCV x2  
  46  6:13  Marine x2  
  46  6:18  Supply Depot  
  42  6:20  Supply Depot  
  42  6:26  Banshee  
  42  6:28  SCV  
  42  6:29  SCV  
  46  6:48  SCV  
  47  6:51  SCV  
  47  6:54  Supply Depot  
  47  6:57  Marine  
  47  6:58  Marine, Siege Tank  
  53  7:05  SCV  
  53  7:08  SCV  
  55  7:22  Marine, SCV  
  55  7:23  Marine  
  55  7:25  SCV  
  59  7:36  Engineering Bay  
  59  7:38  Engineering Bay  
  59  7:39  SCV  
  60  7:42  SCV  
  60  7:43  Siege Tank  
  60  7:47  Marine  
  60  7:48  Marine  
  66  7:53  Orbital Command  
  66  7:56  SCV  
  66  7:59  SCV  
  68  8:12  Marine  
  68  8:13  SCV  
  68  8:16  SCV  
  71  8:28  Marine, Siege Tank  
  75  8:33  Factory  
  75  8:35  Factory  
  75  8:37  Marine  
  76  8:43  SCV  
  77  8:53  Orbital Command  
  77  8:56  SCV  
  78  9:11  SCV  
  78  9:13  SCV, Siege Tank  
  78  9:15  Factory  
  83  9:28  SCV  
  84  9:36  Factory Tech Lab  
  84  9:37  Factory Tech Lab  
  84  9:38  SCV  
  85  9:55  Armory  
Tags
 
Add a new tag
Caveats
  • Supply blocks, unpowered buildings, or Contaminate may cause inaccurate times.
  • Supply counts are checked every 10 seconds.